 Dungeon Crawl Stone Soup version 0.17.1-3-g152610e (webtiles) character file.

52 KarvaRausku the Conjurer (level 3, -1/21 HPs)
             Began as a High Elf Conjurer on Mar 5, 2016.
             Slain by an ice beast (8 damage)
             ... on level 2 of the Dungeon.
             The game lasted 00:06:12 (1301 turns).

KarvaRausku the Conjurer (High Elf Conjurer)        Turns: 1301, Time: 00:06:12

Health: -1/21      AC:  2    Str:  7    XL:     3   Next: 60%
Magic:  9/9        EV:  8    Int: 18    God:
Gold:   23         SH:  0    Dex: 17    Spells: 2 memorised, 6 levels left

rFire  . . .     SeeInvis .     n - +0 short sword
rCold  . . .     Clarity  .     l - +0 robe (curse)
rNeg   . . .     SustAt   .     (no shield)
rPois  .         Gourm    .     (no helmet)
rElec  .         Spirit   .     (no cloak)
rCorr  .         Warding  .     (no gloves)
rMut   .         Stasis   .     (no boots)
MR     .....                    (no amulet)
Stlth  ++........               (no ring)
                                (no ring)

@: not resistant to hostile enchantments, unstealthy
A: no striking features
a: no special abilities


You were on level 2 of the Dungeon.
You were not hungry.

You visited 1 branch of the dungeon, and saw 2 of its levels.

You collected 23 gold pieces.

Inventory:

Hand Weapons
 k - a +0 dagger
 n - a +0 short sword (weapon)
Armour
 a - a +0 robe
 l - a cursed +0 robe (worn)
Scrolls
 i - 3 scrolls of remove curse {unknown}
 j - 2 scrolls of teleportation {unknown}
 m - 2 scrolls of identify {unknown}
Potions
 d - 2 potions of flight {unknown}
 e - a potion of agility {unknown}
 f - 2 potions of curing {unknown}
 g - a potion of mutation {unknown}
 h - 2 potions of brilliance {unknown}
Books
 b - a book of Conjurations

   Spells                             Type                      Level
   a - Magic Dart                     Conjuration                  1
   b - Searing Ray                    Conjuration                  2
   c - Dazzling Spray                 Conjuration/Hexes            3
   d - Fulminant Prism                Conjuration/Hexes            4
   e - Iskenderun's Mystic Blast      Conjuration                  4
   f - Iskenderun's Battlesphere      Conjuration/Charms           5
 p - a book of Fire

   Spells                             Type                      Level
   a - Ignite Poison                  Fire/Transmutation/Poison    3
   b - Fireball                       Conjuration/Fire             5
   c - Bolt of Fire                   Conjuration/Fire             6
   d - Delayed Fireball               Conjuration/Fire             7
   e - Ring of Flames                 Charms/Fire                  7
Comestibles
 c - a bread ration
 o - 4 chunks of flesh


   Skills:
 - Level 2.1 Dodging
 - Level 2.1 Stealth
 + Level 3.5 Spellcasting
 + Level 5.2 Conjurations


You had 6 spell levels left.
You knew the following spells:

 Your Spells              Type           Power        Failure   Level  Hunger
a - Magic Dart            Conj           ###.         1%          1    None
b - Searing Ray           Conj           ###...       2%          2    ##.....


Dungeon Overview and Level Annotations

Branches:
Dungeon (2/15)

Altars:

Annotations:
D:2 Robin


Message History

Aim: a goblin, wielding a dagger The magic dart hits the goblin.
You kill the goblin!
Things that are here:
a dagger; a goblin corpse You butcher the goblin corpse.
o - 4 chunks of flesh (gained 2)
Things that are here:
a dagger; a goblin skeleton
There is a stone staircase leading down here.
You start resting.
Magic restored.
You climb downwards.
Level annotation: Robin The ice beast closely misses you.
The ice beast hits you. The ice beast freezes you!
There is a stone staircase leading up here.
The goblin closely misses you. The ice beast hits you.
The ice beast freezes you!
You die...

...........# #######...#..#..
............# #.............
.........#+########......).#.
................###..#.......
#.#####.........#....#...(...
# ###.......#...##.......
#.......#...##..#..#.
#..Y.....g.........#.
#...@g...#..##.###...
######......##(....##
#...##<.Y.g...#.
#...######gg..##
#.......####...# #.......#
#...# #.......## #...#
#........# #g..'
######...###...#


You could see an ice beast and 2 goblins.

Vanquished Creatures
  An adder (D:1)
  An ooze (D:1)
  A worm (D:2)
  3 giant geckos
  6 goblins
  A hobgoblin (D:2)
  6 kobolds
  5 bats
  A giant cockroach (D:1)
  6 rats
31 creatures vanquished.

Notes
Turn   | Place    | Note
--------------------------------------------------------------
     0 | D:1      | KarvaRausku the High Elf Conjurer began the quest for the Orb.
     0 | D:1      | Reached XP level 1. HP: 11/11 MP: 4/4
   283 | D:1      | Reached XP level 2. HP: 9/17 MP: 3/6
   624 | D:2      | Reached skill level 5 in Conjurations
   678 | D:2      | Noticed an ice beast
   686 | D:1      | Learned a level 2 spell: Searing Ray
   745 | D:2      | Reached XP level 3. HP: 21/21 MP: 2/8
  1209 | D:2      | Noticed Robin
  1301 | D:2      | Slain by an ice beast

Action                   || total
-------------------------++-------
Melee: Unarmed           ||     6
       Dagger            ||     4
       Short sword       ||    10
 Cast: Magic Dart        ||    48
       Searing Ray       ||     5
  Eat: Chunk             ||     1
